 Dungeon Crawl Stone Soup version 0.27.1 (webtiles) character file.

Game seed: 189897915043526607

4595 MajorAdolf the Covert (level 10, -13/94 HPs)
             Began as a Naga Wanderer on Sept 2, 2021.
             Mangled by an orc warrior (18 damage)
             ... on level 9 of the Dungeon.
             The game lasted 00:27:58 (14415 turns).

MajorAdolf the Covert (Naga Wanderer)              Turns: 14415, Time: 00:27:59

Health: -13/94     AC:  6    Str: 17    XL:     10   Next: 41%
Magic:  11/11      EV:  9    Int: 22    God:
Gold:   374        SH:  0    Dex:  8    Spells: 6/11 levels left

rFire    + . .     SeeInvis +   f - +0 dagger (elec)
rCold    . . .     Faith    .   (no shield)
rNeg     . . .     Spirit   .   d - +0 robe
rPois    +         Reflect  .   (no helmet)
rElec    .         Harm     .   i - +1 cloak
rCorr    .         Rampage  .   (no gloves)
Will     +....                  (no barding)
Stlth    ++++......             n - amulet of the acrobat
HPRegen  0.25/turn              C - ring of protection from fire
MPRegen  0.12/turn              t - +6 ring of intelligence

@: very slow
A: AC +3, large, see invisible, deformed body, poison resistance, slowness 2,
spit poison 1, naga tail 1
a: Spit Poison


You were on level 9 of the Dungeon.
You visited 2 branches of the dungeon, and saw 10 of its levels.

You collected 374 gold pieces.

Inventory:

Hand Weapons
 a - a +2 short sword
 f - a +0 dagger of electrocution (weapon)
 l - a +0 hunting sling
Missiles
 m - 190 stones
 q - 52 sling bullets
Armour
 d - a +0 robe (worn)
 i - a +1 cloak (worn)
Jewellery
 n - an amulet of the acrobat (around neck)
 r - a ring of wizardry
 t - a +6 ring of intelligence (right hand)
 C - a ring of protection from fire (left hand)
Wands
 v - a wand of paralysis (6)
 x - a wand of iceblast (8)
 y - a wand of flame (14)
 F - a wand of polymorph (4)
Scrolls
 b - a scroll of teleportation
 e - 3 scrolls of noise
 g - 8 scrolls of identify {unknown}
 k - 4 scrolls of fog {unknown}
 o - a scroll of blinking {unknown}
 p - 2 scrolls of immolation {unknown}
 s - 4 scrolls of fear {unknown}
 u - 6 scrolls of magic mapping {unknown}
 A - 2 scrolls of enchant weapon {unknown}
 D - 2 scrolls of vulnerability {unknown}
Potions
 h - 2 potions of might {unknown}
 j - a potion of haste {unknown}
 w - 2 potions of attraction {unknown}
 z - 4 potions of brilliance {unknown}
 B - a potion of invisibility {unknown}
 E - 2 potions of flight {unknown}


   Skills:
 + Level 7.0 Fighting
 + Level 6.4 Short Blades
 + Level 4.8 Throwing
 + Level 9.9 Stealth
 - Level 1.0 Spellcasting
 - Level 2.0 Conjurations
 + Level 5.2 Transmutations
 + Level 3.5 Fire Magic
 + Level 4.7 Poison Magic
 + Level 3.9 Evocations


You had 6 spell levels left.
You knew the following spells:

 Your Spells              Type           Power      Damage    Failure   Level
a - Wereblood             Tmut           24%        N/A       2%          2
b - Ignite Poison         Fire/Tmut/Pois 20%        N/A       7%          3

Your spell library contained the following spells:

 Spells                   Type           Power      Damage    Failure   Level
 Beastly Appendage        Tmut           48%        N/A       1%          1
 Spider Form              Tmut/Pois      11%        N/A       6%          3
 Conjure Flame            Conj/Fire      13%        6-21      14%         3
 Blink                    Tloc           N/A        N/A       22%         2
 Dazzling Flash           Conj/Hex       10%        N/A       30%         3
 Frozen Ramparts          Ice            2%         1d2       41%         3
 Gell's Gravitas          Tloc           0%         N/A       41%         3
 Lesser Beckoning         Tloc           0%         N/A       41%         3
 Portal Projectile        Hex/Tloc       2%         N/A       41%         3
 Sticky Flame             Conj/Fire      13%        2d4       43%         4
 Ice Form                 Ice/Tmut       12%        N/A       45%         4
 Iskenderun's Mystic Bla  Conj/Tloc      5%         2d3       69%         4
 Summon Ice Beast         Ice/Summ       1%         N/A       83%         4
 Starburst                Conj/Fire      6%         6d4       100%        6


Dungeon Overview and Level Annotations

Branches:
Dungeon (9/15)             Temple (1/1) D:4             Orc (0/2) D:9
   Lair: D:8-11

Altars:
Ashenzari
Cheibriados
Dithmenos
Elyvilon
Hepliaklqana
Kikubaaqudgha
Makhleb
Nemelex Xobeh
Okawaru
Qazlal
Ru
Sif Muna
Trog
Uskayaw
Vehumet
Wu Jian
Xom
Yredelemnul
Zin
The Shining One

Shops:
D:1 [

Annotations:
D:4 exclusion: 2 downstairs
D:6 Sigmund
D:7 exclusion: 2 downstairs


Innate Abilities, Weirdness & Mutations

Your serpentine skin is tough. (AC +3)
You have supernaturally acute eyesight. (SInv)
Armour fits poorly on your strangely shaped body.
Your system is resistant to poisons. (rPois)
You cover ground very slowly.
You can spit poison.
You have a snake-like lower body.


Message History

Unknown command.
You hit the orc warrior.
The orc warrior is severely wounded.
The orc warrior barely misses you.
You closely miss the orc warrior.
The orc warrior is severely wounded.
The orc wizard mumbles some strange words.
The orc wizard flickers and vanishes for a moment.
The orc warrior closely misses you.
You closely miss the orc warrior.
The orc warrior is severely wounded.
You hit the orc warrior but do no damage.
The orc warrior is severely wounded.
The orc warrior hits you with a +0 war axe!
* * * LOW HITPOINT WARNING * * *
You barely miss the orc warrior.
The orc warrior is severely wounded.
The orc warrior barely misses you.
Unknown command.
You closely miss the orc warrior.
The orc warrior is severely wounded.
You hit the orc warrior.
The orc warrior is severely wounded.
The orc warrior hits you with a +0 war axe!
* * * LOW HITPOINT WARNING * * *
Okay, then.
You hit the orc warrior but do no damage.
The orc warrior is severely wounded.
The orc warrior hits you but does no damage.
You hit the orc warrior but do no damage.
The orc warrior is severely wounded.
The howler monkey hoots and howls with incredible vigour!
Unknown command.
Okay, then.
Aiming: Paralyse
Press: ? - help, Shift-Dir - straight line, f - orc warrior
Aim: an orc warrior, wielding a +0 war axe and wearing a +1 chain mail of poison resistance (severely wounded, chance to affect: 57%)
The orc warrior resists with significant effort.
The orc warrior hits you with a +0 war axe!!
You die...

......#.# #..#.##
#<# .######.#
#.....# #.# ## #.#
#.....# #.#
#######.#####.#..>#
#.#
#..).............##
#.#
#.#####.......##.#
#.# #.#
#######.##.# #.#
..# #.##)# #.. ###
#.##@#
#####.##o####
.......Kho..####
#####.##oo#....#
#...#>...##>#
...#......#### ##
...#....# #.....#.#
#.....h#.#


You could see an orc warrior, a howler monkey (catching breath), an orc wizard
(invisible), 2 orcs and a kobold.

Vanquished Creatures
  Pikel (D:8)
  The ghost of mavignon the Thaumaturge, a novice SpCj of Vehumet (D:7)
  4 yaks
  A water moccasin (D:7)
  2 ice beasts
  2 sky beasts
  2 ogres
  3 necrophages
  2 centaurs
  A black bear (D:7)
  2 phantoms (D:6)
  4 lemures
  5 bullfrogs
  A kobold brigand (D:9)
  A wyvern skeleton (D:7)
  A water moccasin zombie (D:3)
  5 killer bees (D:6)
  7 wights (D:8)
  2 howler monkeys (D:9)
  3 centaur zombies
  A gnoll shaman (D:8)
  A bullfrog skeleton (D:5)
  3 orc priests
  4 orc wizards
  5 iguanas
  Natasha (twice) (D:3)
  A killer bee zombie (D:5)
  9 gnolls
  5 adders
  2 shadow imps (D:6)
  3 white imps
  2 adder skeletons
  3 worms
  3 dart slugs
  12 orcs
  11 ball pythons
  9 endoplasms
  2 giant cockroaches (D:2)
  4 goblins
  12 hobgoblins
  3 jackals (D:2)
  5 quokkas
  5 bats
  8 kobolds
  A rat (D:2)
166 creatures vanquished.

Notes
Turn   | Place    | Note
-------+----------+-------------------------------------------
     0 | D:1      | MajorAdolf the Naga Wanderer began the quest for the Orb.
     0 | D:1      | MajorAdolf set off with the following items: a +2 short
                  | sword, a scroll of teleportation, a potion of curing, a +0
                  | robe
     0 | D:1      | Reached XP level 1. HP: 21/21 MP: 2/2
   592 | D:1      | Reached skill level 2 in Stealth
   703 | D:1      | Reached XP level 2. HP: 28/28 MP: 3/3
   799 | D:1      | Found Jebbeaxo's Antique Armour Boutique.
  1806 | D:2      | Reached XP level 3. HP: 29/34 MP: 4/4
  1877 | D:2      | Reached skill level 3 in Stealth
  2326 | D:2      | Reached XP level 4. HP: 42/43 MP: 5/5
  3194 | D:3      | Reached skill level 4 in Stealth
  3194 | D:3      | Reached XP level 5. HP: 44/50 MP: 6/6
  3726 | D:3      | Reached skill level 5 in Stealth
  4184 | D:3      | Noticed Natasha
  4190 | D:3      | Killed Natasha
  4191 | D:3      | Reached XP level 6. HP: 39/58 MP: 7/7
  4390 | D:3      | Learned a level 2 spell: Wereblood
  4454 | D:3      | Noticed Natasha
  4461 | D:3      | Killed Natasha
  4975 | D:4      | Found a staircase to the Ecumenical Temple.
  5522 | D:4      | Reached skill level 1 in Transmutations
  6270 | Temple   | Entered the Ecumenical Temple
  6367 | D:5      | Entered Level 5 of the Dungeon
  6367 | D:5      | Noticed a sky beast
  6385 | D:4      | Killed a sky beast
  6386 | D:4      | Reached skill level 6 in Stealth
  6386 | D:4      | Reached XP level 7. HP: 12/66 MP: 8/8
  6904 | D:5      | Reached skill level 5 in Fighting
  6998 | D:5      | Found a shadowy altar of Dithmenos.
  7313 | D:5      | Noticed a two-headed ogre
  7449 | D:5      | Reached skill level 7 in Stealth
  7570 | D:5      | Reached XP level 8. HP: 65/74 MP: 9/9
  8600 | D:6      | Noticed Sigmund
  8939 | D:6      | Reached skill level 8 in Stealth
  8947 | D:6      | Reached skill level 5 in Short Blades
  9186 | D:6      | Got Sif Muna's Almanac of the Scribe
  9191 | D:6      | Learned a level 3 spell: Ignite Poison
 10121 | D:7      | Reached skill level 1 in Poison Magic
 10306 | D:7      | Reached skill level 1 in Fire Magic
 10306 | D:7      | Reached XP level 9. HP: 81/82 MP: 10/10
 10338 | D:7      | Found a runed translucent door.
 10347 | D:7      | Noticed mavignon's ghost (novice SpCj)
 11211 | D:7      | Killed mavignon's ghost
 11212 | D:7      | Reached skill level 9 in Stealth
 11252 | D:8      | Noticed Pikel
 12294 | D:8      | Reached XP level 10. HP: 88/92 MP: 11/11
 12976 | D:8      | Killed Pikel
 12977 | D:8      | Reached skill level 5 in Transmutations
 14263 | D:9      | Found a staircase to the Orcish Mines.
 14275 | D:9      | Found a shimmering blue altar of Sif Muna.
 14412 | D:9      | HP: 4/94 [orc warrior (14)]
 14415 | D:9      | Mangled by an orc warrior

Illustrated notes

Levels and vault maps discovered:
D:1:      psy_arrival_spokes, layout_basic, serial_co_window_serial,
          co_window_paths_b, co_window_corner_a, co_window_paths_a,
          co_window_paths_a, co_window_corner_a, co_window_corner_a,
          co_window_paths_a, co_window_of_opportunity_b, co_window_corner_b,
          co_window_corner_b, co_window_paths_e, glass_columns_a, serial_shops,
          nicolae_shop_window_shopping
D:2:      layout_basic, minmay_tall_x
D:3:      layout_loops_cross, moated_statue, minmay_door_square, minivault_25,
          item_on_display_a, uniq_natasha
D:4:      layout_cave_pools, minmay_temple_entry_sparse_star
D:5:      layout_cave_pools, mainiacjoe_overflow_brackets,
          gup_sewer_entry_bubbles, serial_co_window_serial, co_window_paths_a,
          co_window_paths_a, co_window_corner_a, co_window_paths_b,
          co_window_corner_a, co_window_unsneaky_path_a, co_window_broadway_b,
          co_window_corner_b, co_window_sun, glass_columns_b, uniq_eustachio
D:6:      layout_basic, palyth_stone_intersect, uniq_sigmund
D:7:      layout_basic, ebering_ghost_reflecting_pool
D:8:      layout_basic, uniq_pikel
D:9:      layout_loops_ring, grunt_temple_overflow_open, dpeg_oklobed_lair,
          orc_0_dummy, ploomutoo_gammafunk_ghost_potion_laboratory,
          minmay_variable_closet, uniq_erica
Temple:   compressed_dpeg_circular_temple

Skill      XL: |  1  2  3  4  5  6  7  8  9 10 |
---------------+-------------------------------+-----
Stealth        | 2 3 4 5 6 7 8 9 |  9.9
Short Blades   | 2 3 4 5 6 |  6.4
Fighting       | 4 5 6 7 |  7.0
Transmutations | 1 2 3 4 5 |  5.2
Throwing       | 2 3 4 |  4.8
Poison Magic   | 1 3 4 |  4.7
Fire Magic     | 1 2 3 |  3.5
Evocations     | 2 3 |  3.9
Spellcasting   | |  1.0
Conjurations   | |  2.0

Action                   |  1- 3 |  4- 6 |  7- 9 | 10-12 || total
-------------------------+-------+-------+-------+-------++-------
Melee: Short sword       |    28 |       |       |       ||    28
       Dagger            |    35 |   183 |   315 |   174 ||   707
 Fire: Hunting sling     |       |    55 |     1 |       ||    56
 Abil: Spit Poison       |    32 |    14 |    28 |     3 ||    77
Evoke: Wand              |       |       |       |     1 ||     1
  Use: Scroll            |       |     1 |     1 |     1 ||     3
       Potion            |       |       |       |     1 ||     1
 Stab: Sleeping          |     1 |     5 |     5 |     1 ||    12
       Distracted        |       |     1 |       |       ||     1
Armor: Robe              |    26 |    63 |    76 |    20 ||   185
Dodge: Dodged            |    33 |   108 |   161 |    57 ||   359
